 Dungeon Crawl Stone Soup version 0.30-a0-377-g5cb311bc9f (webtiles) character file.

Game seed: 2398950008929437954

289 voltaire321 the Sneak (level 6, -2/39 HPs)
             Began as an Octopode Earth Elementalist on Nov 28, 2022.
             Slain by an orc
             ... wielding a +0 mace
              (5 damage)
             ... on level 3 of the Dungeon.
             The game lasted 00:09:25 (1913 turns).

voltaire321 the Sneak (Octopode Earth Elementalist) Turns: 1913, Time: 00:09:25

Health: -2/39      AC:  1    Str:  8    XL:     6   Next: 31%
Magic:  4/10       EV: 13    Int: 19    God:
Gold:   176        SH:  0    Dex: 12    Spells: 5/11 levels left

rFire   . . .      SeeInvis .    p - +1 dagger (elec)
rCold   . . .      Faith    .    (no shield)
rNeg    . . .      Spirit   .    (helmet restricted)
rPois   .          Reflect  .    (no amulet)
rElec   .          Harm     .    (no ring)
rCorr   .          Rampage  .    (no ring)
Will    .....                    (no ring)
Stlth   ++++......               (no ring)
HPRegen 0.26/turn                (no ring)
MPRegen 0.12/turn                (no ring)
                                 (no ring)
                                 (no ring)

@: on berserk cooldown
A: almost no armour, amphibious, 8 rings, camouflage 1, gelatinous body 1,
(nimble swimmer 1), tentacles
a: no special abilities


You were on level 3 of the Dungeon.
You visited 1 branch of the dungeon, and saw 3 of its levels.

You collected 176 gold pieces.

Inventory:

Hand Weapons
 e - a +1 dagger of draining
 k - a +2 short sword of venom
 p - a +1 dagger of electrocution (weapon)
Jewellery
 h - a ring of willpower
Scrolls
 b - 3 scrolls of enchant armour
 g - a scroll of amnesia
 j - a scroll of teleportation {unknown}
 l - a scroll of identify
 m - a scroll of enchant weapon {unknown}
Potions
 a - a potion of magic
 c - a potion of berserk rage
 f - 2 potions of flight
 i - 3 potions of mutation


   Skills:
 + Level 2.2 Fighting
 + Level 3.2 Dodging
 + Level 4.6 Stealth
 + Level 3.0 Spellcasting
 - Level 2.0 Transmutations
 + Level 4.0 Earth Magic


You had 5 spell levels left.
You knew the following spells:

 Your Spells              Type           Power      Damage    Failure   Level
a - Sandblast             Erth           36%        2d10      3%          1
b - Passwall              Tmut/Erth      11%        N/A       7%          2
c - Stone Arrow           Conj/Erth      20%        3d8       21%         3

Your spell library contained the following spells:

 Spells                   Type           Power      Damage    Failure   Level
 Slow                     Hex            8%         N/A       16%         1
 Confusing Touch          Hex            2%         N/A       41%         3
 Vampiric Draining        Necr           2%         2d6       41%         3
 Petrify                  Tmut/Erth      14%        N/A       41%         4
 Animate Dead             Necr           2%         N/A       83%         4
 Blade Hands              Tmut           5%         N/A       88%         5
 Borgnjor's Vile Clutch   Necr/Erth      5%         N/A       88%         5
 Irradiate                Conj/Tmut      3%         3d12      95%         5
 Death Channel            Necr           1%         N/A       100%        6
 Dragon Form              Tmut           5%         N/A       100%        7


Dungeon Overview and Level Annotations

Branches:
Dungeon (3/15)

Altars:
Qazlal

Shops:
D:3 :=*:(


Innate Abilities, Weirdness & Mutations

You cannot wear most types of armour.
You are amphibious.
You can wear up to eight rings at the same time.
Your skin changes colour to match your surroundings (Stealth+).
Your rubbery body absorbs attacks. (AC +1, EV +1)
((You are camouflaged when in or above water. (Stealth+)))
You have tentacles for arms and can constrict up to eight enemies at once.


Message History

The orc closely misses you. The orc hits you with a +0 flail.
The orc hits you with a +1 vampiric war axe.
* * * LOW HITPOINT WARNING * * *
You barely miss the orc wizard.
The orc wizard is almost dead.
The orc wizard hits you with a +0 dagger.
* * * LOW HITPOINT WARNING * * *
The orc misses you. x2; The orc barely misses you.
The orc priest shouts!
You hit the orc wizard.
You kill the orc wizard!
Your Spellcasting skill increases to level 3!
You feel less confused.
You feel a strong urge to attack something.
You are no longer berserk.
You are exhausted.
You feel yourself slow down.
The orc hits you with a +1 vampiric war axe.
* * * LOW HITPOINT WARNING * * *
The orc draws strength from your wounds!
The orc attacks as you move away! The orc barely misses you.
The orc attacks as you move away! The orc barely misses you.
The orc attacks as you move away! The orc closely misses you. x2
The orc hits you with a +0 mace.
* * * LOW HITPOINT WARNING * * *
The orc attacks as you move away!
The orc hits you with a +1 vampiric war axe.
* * * LOW HITPOINT WARNING * * *
The orc draws strength from your wounds!
It was a potion of brilliance.
You feel clever all of a sudden. The orc barely misses you. x2
It was a potion of cancellation.
Your magical effects are unravelling.
You feel magically purged.
You feel yourself speed up.
You float gracefully downwards.
You feel a little less clever now. The orc hits you with a +0 mace.
You die...

.....# #.#.#..#...#.........##..
.....# #.#.#...#.#..........#...
...<.# #.#.##...#..........#....
.)...####.#.###............##.#..
..........#.########..######..#..
...)..#.........# #..###....†...
...#............####..#...#....##
..##.#..........##oo.........#.##
####.#.##.###.#.@ooo...###...#..†
####...#..##########........####.
.......#....#.....⌠#........# #.
..............≈≈≈..#.......#* ##
.............≈≈≈≈≈.#..#..#.## #
.............≈≈≈≈≈∩##.......# #
.............≈≈≈≈≈.##o......# #
...........(..≈≈≈..#..)....># #
........#...#.....⌠#........# #


You could see an orc priest and 4 orcs.

Vanquished Creatures
  A water moccasin (D:3)
  3 orc wizards (D:3)
  3 adders
  3 dart slugs
  5 orcs (D:3)
  2 ball pythons (D:1)
  3 bats
  4 endoplasms
  A giant cockroach (D:2)
  6 goblins
  12 hobgoblins
  8 jackals
  3 quokkas
  2 frilled lizards (D:2)
  8 kobolds
  4 rats
68 creatures vanquished.

Vanquished Creatures (collateral kills)
  An orc (D:3)
  A goblin (D:3)
  A rat (D:3)
3 creatures vanquished.

Vanquished Creatures (others)
  7 plants (D:3)
7 creatures vanquished.

Grand Total: 78 creatures vanquished

Notes
Turn   | Place    | Note
-------+----------+-------------------------------------------
     0 | D:1      | voltaire321 the Octopode Earth Elementalist began the quest
                  | for the Orb.
     0 | D:1      | Reached XP level 1. HP: 11/11 MP: 3/3
   113 | D:1      | Reached XP level 2. HP: 17/17 MP: 0/5
   171 | D:1      | Learned a level 2 spell: Passwall
   334 | D:1      | Reached XP level 3. HP: 19/22 MP: 0/6
   883 | D:2      | Reached skill level 1 in Fighting
  1184 | D:2      | Reached XP level 4. HP: 28/28 MP: 5/7
  1478 | D:3      | Learned a level 3 spell: Stone Arrow
  1580 | D:3      | Found Zoihaud's Assorted Antiques.
  1622 | D:3      | Found a stormy altar of Qazlal.
  1622 | D:3      | Found Goshough's Book Shop.
  1623 | D:3      | Found Soyriam's Jewellery Emporium.
  1651 | D:3      | Found Ebruir's Weapon Shoppe.
  1708 | D:3      | Noticed a water moccasin
  1711 | D:3      | Reached XP level 5. HP: 28/33 MP: 8/8
  1713 | D:3      | Killed a water moccasin
  1714 | D:3      | Reached XP level 6. HP: 21/39 MP: 7/10
  1847 | D:3      | Found Zifuwnam's Book Boutique.
  1913 | D:3      | Slain by an orc

Illustrated notes

Levels and vault maps discovered:
D:1:      dpeg_arrival_solitude, layout_rooms, hangedman_decor_clover_reticule
D:2:      layout_loops_cross
D:3:      layout_rooms, nicolae_overflow_ecumenical_swirl,
          mainiacjoe_overflow_catwalk, serial_shops, shop,
          nicolae_lakefront_shop, nicolae_diamond_shop, nicolae_shop_waterfront,
          shop, ebering_ecumenical_altar_webs, chequers_big_river

Skill      XL: |  1  2  3  4  5  6 |
---------------+-------------------+-----
Stealth        | 3 4 |  4.6
Fighting       | 1 2 |  2.2
Transmutations | 2 |  2.0
Dodging        | 3 |  3.2
Earth Magic    | 4 |  4.0
Spellcasting   | 3 |  3.0

Action                   |  1- 3 |  4- 6 || total
-------------------------+-------+-------++-------
Melee: Unarmed           |     6 |       ||     6
       Constrict         |     4 |     9 ||    13
       Tentacles         |     2 |     6 ||     8
       Dagger            |    18 |    35 ||    53
 Cast: Sandblast         |    45 |    21 ||    66
       Stone Arrow       |       |     1 ||     1
  Use: Scroll            |       |     8 ||     8
       Potion            |       |     7 ||     7
 Stab: Sleeping          |     4 |     3 ||     7
       Distracted        |       |     1 ||     1
Armor: Skin              |     3 |     3 ||     6
Dodge: Dodged            |    15 |    33 ||    48

Table legend: (Time is in decaauts)
 A = Elapsed time spent in this place.
 B = Non-inter-level travel time spent in this place.
 C = Inter-level travel time spent in this place.
 D = Time resting spent in this place.
 E = Time spent auto-exploring this place.
 F = Levels seen in this place.
 G = Mean time per level.
                   A        B        C        D        E       F      G
               +--------+--------+--------+--------+--------+-----+--------+
         Total |   1944 |   1907 |     37 |    202 |   1101 |   3 |  648.0 |
       Dungeon |   1944 |   1907 |     37 |    202 |   1101 |   3 |  648.0 |
               +--------+--------+--------+--------+--------+-----+--------+

Top non-repeatable levels by time:
     D:1: 759 daAuts
     D:2: 732 daAuts
     D:3: 452 daAuts
